 Dungeon Crawl Stone Soup version 0.22.1-1-ga44c0e56f4 (webtiles) character file.

1517 DenSaoPin the Ruffian (level 8, -11/70 HPs)
             Began as a Demonspawn Gladiator on Oct 19, 2018.
             Was a Believer of Wu Jian.
             Killed by divine providence
             ... invoked by an orc priest
              (15 damage)
             ... on level 8 of the Dungeon.
             The game lasted 00:31:10 (8089 turns).

DenSaoPin the Ruffian (Demonspawn Gladiator)        Turns: 8089, Time: 00:31:15

Health: -11/70     AC:  8    Str: 17    XL:     8   Next: 54%
Magic:  0/8        EV: 15    Int:  9    God:    Wu Jian [**....]
Gold:   398        SH:  0    Dex: 18    Spells: 7/7 levels left

rFire    . . .     SeeInvis .     - Unarmed
rCold    . . .     Gourm    .   (no shield)
rNeg     . . .     Faith    .   C - +0 robe (curse)
rPois    .         Spirit   +   (helmet restricted)
rElec    .         Reflect  .   r - scarf {Spirit}
rCorr    .         Harm     .   (no gloves)
MR       .....                  (no boots)
Stlth    +++.......             (no amulet)
HPRegen  0.21/turn              x - +3 ring of dexterity
MPRegen  0.11/turn              (no ring)

@: sanguine armour, drained
A: horns 1, nightstalker 1, sense surroundings 1, powered by pain 2, robust 1,
evolution 1, sanguine armour 1
a: Wall Jump, Renounce Religion


You were on level 8 of the Dungeon.
You worshipped Wu Jian.
Wu Jian was pleased with you.
You were hungry.

You visited 1 branch of the dungeon, and saw 8 of its levels.

You collected 398 gold pieces.

Inventory:

Hand Weapons
 i - a cursed +3 flail
 F - the +3 hunting sling "Umnib" {speed, +Fly rPois Str+2, unknown}
   (You found it on level 5 of the Dungeon)

   Attacks with this weapon are significantly faster.
   It affects your strength (+2).
   It protects you from poison.
   It lets you fly.
 G - a +1 flail of venom
Missiles
 c - 3 throwing nets (quivered)
Armour
 a - a +0 leather armour
 b - a +0 helmet
 e - a +0 scale mail
 n - a cursed +0 pair of gloves
 r - a scarf of spirit shield (worn)
 B - a +0 ring mail
 C - a cursed +0 robe (worn)
 I - a +0 cloak of invisibility
 K - a +0 robe
 L - a +0 robe
 M - a +0 robe
 Q - the +2 chain mail of Greed {Dex+5, unknown}
   (You found it on level 7 of the Dungeon)

   It affects your dexterity (+5).
 R - a +0 robe
Magical Staves
 N - an uncursed staff of death {unknown}
Jewellery
 x - a +3 ring of dexterity (left hand)
 H - an uncursed amulet of guardian spirit {unknown}
Wands
 D - a wand of flame (27)
 E - a wand of enslavement (10)
Scrolls
 f - 4 scrolls of identify
 g - 2 scrolls of enchant armour {unknown}
 h - 2 scrolls of magic mapping {unknown}
 k - a scroll of random uselessness {unknown}
 p - a scroll of enchant weapon {unknown}
 q - 6 scrolls of remove curse {unknown}
 t - a scroll of amnesia {unknown}
 u - a scroll of fog {unknown}
 v - a scroll of fear {unknown}
 w - a scroll of immolation {unknown}
 y - a scroll of noise {unknown}
 z - 5 scrolls of teleportation {unknown}
 J - 2 scrolls of blinking {unknown}
Potions
 j - 2 potions of brilliance {unknown}
 l - a potion of ambrosia {unknown}
 m - a potion of magic {unknown}
 o - 2 potions of flight {unknown}
 s - a potion of invisibility {unknown}
 A - 2 potions of lignification {unknown}
 O - a potion of berserk rage {unknown}
 P - 2 potions of might {unknown}
Comestibles
 d - 9 rations


   Skills:
 - Level 6.3(5.6) Fighting
 - Level 1.7(1.1) Throwing
 + Level 5.4(4.8) Dodging
 - Level 7.1(6.4) Unarmed Combat


You had 7 spell levels left.
You didn't know any spells.
Your spell library contained the following spells:

 Spells                   Type           Power        Failure   Level  Hunger
 Beastly Appendage        Tmut           #.....       38%         1    ##.....
 Sticks to Snakes         Tmut           #.......     52%         2    ###....
 Spider Form              Tmut/Pois      #.........   77%         3    ####...
 Ice Form                 Ice/Tmut       #.......     99%         4    #####..
 Blade Hands              Tmut           #.........   100%        5    ######.


Dungeon Overview and Level Annotations

Branches:
Dungeon (8/15)             Temple (0/1) D:6
   Lair: D:8-11

Altars:
Cheibriados
Fedhas
Wu Jian


Innate Abilities, Weirdness & Mutations

You have a pair of small horns on your head.
You are slightly more attuned to the shadows.
You sometimes gain power by taking damage.
When seriously injured, your bleeding wounds create armour. (AC +6)
You passively map a small area around you.
You are robust. (+10% HP)
You evolve.


Message History

The orc wizard gestures wildly while chanting.
The orc wizard blinks!
The orc priest invokes the aid of Beogh against you.
Beogh smites you! The orc wizard casts a spell at you.
The puff of frost hits you!
The orc wizard gestures at you while chanting.
The puff of flame hits you!
* * * LOW HITPOINT WARNING * * *
The orc wizard points at you and mumbles some strange words.
The magic dart hits you!
* * * LOW HITPOINT WARNING * * *
The orc wizard casts a spell at you. The magic dart hits you!
* * * LOW HITPOINT WARNING * * *
The orc wizard zaps a wand.
You resist with some effort.
It is a wand of polymorph (10).
The orc priest mumbles some strange prayers to Beogh against you.
Beogh smites you!
You die...

, , ,,,** , , ,
...........#..... ,,
.................#* ,
, ..>.............# ,
, , ...............##
, .................#
..............†...# ,
,..................#
,, ........@.........#
,
,.....o.............#*
* .....(..............
, .......ooo..........
,
....................,
.................... ,
................... ,
,, .......)..........
, ............(....


You could see an orc warrior, an orc priest and 2 orc wizards.

Vanquished Creatures
  Edmund (D:5)
  A sky beast (D:5)
  2 ogres (D:6)
  A black bear (D:7)
  2 centaurs
  2 bullfrogs (D:6)
  A scorpion (D:5)
  A water moccasin skeleton (D:6)
  3 wights
  3 crimson imps
  A bullfrog zombie (D:4)
  A jelly (D:7)
  4 hounds
  A centaur skeleton (D:5)
  Ijyb (D:4)
  A worker ant (D:4)
  A hound zombie (D:5)
  6 adders
  A howler monkey skeleton (D:4)
  An adder skeleton (D:4)
  4 worms
  3 dart slugs
  6 leopard geckos
  6 orcs
  2 ball pythons
  4 giant cockroaches
  8 goblins
  3 hobgoblins
  10 jackals
  3 quokkas
  9 bats
  5 frilled lizards
  A giant cockroach zombie (D:5)
  5 kobolds
  8 rats
112 creatures vanquished.

Notes
Turn   | Place    | Note
-------+----------+-------------------------------------------
     0 | D:1      | DenSaoPin the Demonspawn Gladiator began the quest for the
                  | Orb.
     0 | D:1      | Reached XP level 1. HP: 16/16 MP: 1/1
   133 | D:1      | Reached skill level 3 in Unarmed Combat
   163 | D:1      | Gained mutation: You sometimes gain a little power by
                  | taking damage. [demonic ancestry]
   163 | D:1      | Reached XP level 2. HP: 20/22 MP: 2/2
   495 | D:1      | Gained mutation: When seriously injured, your bleeding
                  | wounds create armour. (AC +6) [demonic ancestry]
   495 | D:1      | Reached XP level 3. HP: 27/27 MP: 3/3
   704 | D:2      | Reached skill level 4 in Unarmed Combat
  1331 | D:2      | Found a faded altar of an unknown god.
  1336 | D:2      | Became a worshipper of the Wu Jian Council
  1336 | D:2      | Reached * piety under Wu Jian
  1387 | D:2      | Gained mutation: You have a pair of small horns on your
                  | head. [demonic ancestry]
  1387 | D:2      | Reached XP level 4. HP: 24/34 MP: 4/4
  2335 | D:3      | You fall through a shaft for 3 floors!
  2361 | D:6      | Noticed a bullfrog
  2617 | D:6      | Noticed a bullfrog
  2619 | D:6      | Noticed an ogre
  2634 | D:5      | Entered Level 5 of the Dungeon
  2635 | D:5      | Noticed Edmund
  2641 | D:5      | Noticed a centaur
  2702 | D:4      | Reached XP level 5. HP: 11/41 MP: 5/5
  3404 | D:4      | Noticed Ijyb
  3404 | D:4      | Paralysed by Ijyb for 3 turns
  3409 | D:4      | Paralysed by Ijyb for 4 turns
  3421 | D:4      | Paralysed by Ijyb for 2 turns
  3428 | D:4      | Paralysed by Ijyb for 7 turns
  3444 | D:4      | Killed Ijyb
  3725 | D:4      | HP: 2/42 [poisoned by a worker ant]
  4430 | D:5      | Gained mutation: You are slightly more attuned to the
                  | shadows. [demonic ancestry]
  4430 | D:5      | Reached XP level 6. HP: 29/48 MP: 3/6
  4626 | D:5      | Reached ** piety under Wu Jian
  4657 | D:5      | Reached skill level 5 in Fighting
  5186 | D:5      | Got a slimy hunting sling
  5449 | D:5      | Noticed a sky beast
  5456 | D:5      | Killed a sky beast
  5456 | D:5      | Gained mutation: You sometimes gain power by taking damage.
                  | [demonic ancestry]
  5456 | D:5      | Reached XP level 7. HP: 58/58 MP: 7/7
  5728 | D:5      | Killed Edmund
  5728 | D:5      | Reached skill level 5 in Unarmed Combat
  5733 | D:5      | Gained mutation: You evolve. [potion of mutation]
  5733 | D:5      | Gained mutation: You passively map a small area around you.
                  | [potion of mutation]
  5733 | D:5      | Gained mutation: You are robust. (+10% HP) [potion of
                  | mutation]
  6189 | D:6      | Found a blossoming altar of Fedhas.
  6392 | D:6      | Reached skill level 6 in Unarmed Combat
  6398 | D:6      | Found a staircase to the Ecumenical Temple.
  6425 | D:6      | Reached XP level 8. HP: 66/70 MP: 6/8
  6642 | D:6      | Found a snail-covered altar of Cheibriados.
  7084 | D:6      | Reached skill level 7 in Unarmed Combat
  7859 | D:7      | Reached skill level 5 in Dodging
  8037 | D:7      | Got a steaming chain mail
  8089 | D:8      | Killed from afar by an orc priest

Skill      XL: |  1  2  3  4  5  6  7  8 |
---------------+-------------------------+-----
Unarmed Combat | 3 4 6 7 |  7.1
Fighting       | 3 4 6 |  6.3
Dodging        | 3 4 5 |  5.4
Throwing       | |  1.7

Action                   |  1- 3 |  4- 6 |  7- 9 || total
-------------------------+-------+-------+-------++-------
Melee: Unarmed           |   158 |   314 |   152 ||   624
       Punch             |     3 |     5 |     8 ||    16
       Headbutt          |       |    72 |    41 ||   113
Invok: Whirlwind         |     1 |    29 |     3 ||    33
       Lunge             |     1 |    16 |     6 ||    23
       Wall Jump         |       |       |     6 ||     6
  Use: Scroll            |       |     2 |       ||     2
       Potion            |       |     1 |     3 ||     4
 Stab: Sleeping          |       |     5 |     6 ||    11
       Distracted        |       |     1 |     1 ||     2
  Eat: Chunk             |     2 |     8 |     2 ||    12
       Ration            |       |     1 |     2 ||     3
Armor: Leather armour    |    44 |    41 |       ||    85
       Robe              |       |    13 |     9 ||    22
Dodge: Dodged            |   106 |   184 |    95 ||   385
